 Dungeon Crawl Stone Soup version 0.24.0-13-gcf9b319 (webtiles) character file.

Game seed: 12510970330745969052, levelgen mode: deterministic

536 Bronimir the Grave Robber (level 7, -4/56 HPs)
             Began as a Deep Dwarf Necromancer on Mar 22, 2020.
             Killed from afar by Dowan (24 damage)
             ... with a shard of ice
             ... on level 4 of the Dungeon.
             The game lasted 00:20:35 (5434 turns).

Bronimir the Grave Robber (Deep Dwarf Necromancer)  Turns: 5434, Time: 00:20:36

Health: -4/56      AC:  0    Str: 12    XL:     7   Next: 4%
Magic:  2/11       EV: 20    Int: 17    God:
Gold:   217        SH:  0    Dex: 18    Spells: 5/12 levels left

rFire    . . .     SeeInvis .   (weapon currently unavailable)
rCold    . . .     Gourm    .   (shield currently unavailable)
rNeg     . . .     Faith    .   (armour currently unavailable)
rPois    .         Spirit   .   (helmet currently unavailable)
rElec    .         Reflect  .   (cloak currently unavailable)
rCorr    .         Harm     .   (gloves currently unavailable)
MR       +....                  (boots currently unavailable)
Stlth    +.........             (no amulet)
HPRegen  0.00/turn              (ring currently unavailable)
MPRegen  0.12/turn              (ring currently unavailable)

@: bat-form, flying, non-regenerating, glowing, very quick
A: tiny, damage resistance, heal wounds, sense surroundings 1, no regeneration
a: Heal Wounds


You were on level 4 of the Dungeon.
You were hungry.
You were in bat-form.
You visited 1 branch of the dungeon, and saw 5 of its levels.

You collected 217 gold pieces.

Inventory:

Hand Weapons
 a - a +0 hand axe
 d - a +0 club
 e - a +0 mace
 f - a +0 falchion
 j - a +0 hunting sling
 z - a +0 trident
 D - the +6 long sword "Grim Tooth" (melded) {holy, Str-4 Int+6 Dex+2}
   (You found it on level 4 of the Dungeon)

   It has been blessed by the Shining One to cause great damage to the undead
   and demons.
   It affects your strength (-4).
   It affects your intelligence (+6).
   It affects your dexterity (+2).
Missiles
 h - 103 stones
 k - 19 sling bullets
 l - 37 bolts
 p - 65 arrows
 q - 26 poisoned darts (quivered)
Armour
 g - a +0 helmet (melded)
 o - a +0 pair of gloves (melded)
 v - a +0 leather armour (melded)
 x - a +0 robe
Jewellery
 n - a ring of flight (melded)
 A - an uncursed ring of fire {unknown}
Scrolls
 m - a scroll of fear
 r - a scroll of blinking
 t - 3 scrolls of remove curse
 y - 4 scrolls of teleportation
 C - 2 scrolls of identify
Potions
 b - 4 potions of degeneration {unknown}
 i - 2 potions of curing
 s - a potion of mutation {unknown}
 u - a potion of ambrosia {unknown}
 w - 2 potions of haste {unknown}
 B - a potion of berserk rage {unknown}
 E - a potion of heal wounds {unknown}
Comestibles
 c - 7 rations


   Skills:
 + Level 0.7 Fighting
 + Level 0.1 Long Blades
 + Level 2.0(2.1) Axes
 + Level 0.1(1.1) Maces & Flails
 + Level 0.1 Throwing
 * Level 2.4 Armour
 + Level 2.4 Dodging
 - Level 2.4 Stealth
 + Level 3.2 Spellcasting
 * Level 7.1 Necromancy
 * Level 1.6 Translocations


You had 5 spell levels left.
You knew the following spells:

 Your Spells              Type           Power        Failure   Level  Hunger
a - Pain                  Necr           ####         1%          1    None
b - Animate Skeleton      Necr           N/A          1%          1    None
c - Vampiric Draining     Necr           ####......   2%          3    ###....
d - Blink                 Tloc           N/A          13%         2    ##.....

Your spell library contained the following spells:

 Spells                   Type           Power        Failure   Level  Hunger
 Animate Dead             Necr           N/A          9%          4    ####...
 Magic Dart               Conj           #...         17%         1    None
 Call Imp                 Summ           #.......     26%         2    ##.....
 Slow                     Hex            #.......     26%         2    ##.....
 Conjure Flame            Conj/Fire      #.......     45%         3    ###....
 Mephitic Cloud           Conj/Pois/Air  #.......     45%         3    ###....
 Regeneration             Chrm/Necr      Unusable     N/A         3    N/A

Dungeon Overview and Level Annotations

Branches:
Dungeon (5/15)
 Temple: D:4-7

Altars:
Fedhas
Qazlal

Annotations:
D:4 Dowan


Innate Abilities, Weirdness & Mutations

You are resistant to damage.
You can heal yourself by infusing magical energy.
You passively map a small area around you.
You do not regenerate.


Message History

Dowan gestures wildly while chanting.
Dowan blinks!
Dowan zaps a wand.
You resist with almost no effort.
Things that are here:
a +0 short sword; a +0 ring mail Dowan mumbles some strange words.
Dowan blinks!
Dowan mumbles some strange words.
Dowan blinks!
Dowan zaps a wand.
You turn into a bat.
The +6 long sword "Grim Tooth" {holy, Str-4 Int+6 Dex+2} melds into your body.
Your +0 helmet melds into your body.
Your +0 pair of gloves melds into your body.
Your +0 leather armour melds into your body.
Your ring of flight melds into your body.
The +6 long sword "Grim Tooth" {holy, Str-4 Int+6 Dex+2} stops glowing.
You can't do that in your present form.
Unknown command.
Dowan points at you and mumbles some strange words.
The shard of ice hits you!!
You die...

#........#.##.....# ###
#.######.#.##.....# #.. #.#
#.#.##.....# #.. #.#
#.#.##.....# #.. #.#
#)#.##.....# #.. #.#
#.#.##.....#######.. #.#
###...................
#.####.......e..........#..
#.......>.b..............##
######....................#
#.<................#.#
#..ยง..................
#.........######.#....
###.####### #.#.... ####.#
#.#.... #....# #.#....
#....# #.####.


You could see Dowan.

Vanquished Creatures
  Duvessa (D:4)
  An ogre (D:4)
  Jessica (D:3)
  An iguana (D:4)
  3 orc wizards
  A worker ant (D:4)
  8 adders
  4 worms
  2 dart slugs
  5 leopard geckos
  7 orcs
  12 bats
  3 giant cockroaches
  9 hobgoblins
  10 jackals
  3 quokkas
  5 frilled lizards
  4 goblins
  12 kobolds
  11 rats
103 creatures vanquished.

Notes
Turn   | Place    | Note
-------+----------+-------------------------------------------
     0 | D:1      | Bronimir the Deep Dwarf Necromancer began the quest for the
                  | Orb.
     0 | D:1      | Reached XP level 1. HP: 15/15 MP: 3/3
   271 | D:1      | Learned a level 1 spell: Animate Skeleton
   450 | D:1      | Reached XP level 2. HP: 20/22 MP: 2/4
   702 | D:1      | Reached skill level 5 in Necromancy
  1118 | D:1      | Reached XP level 3. HP: 23/28 MP: 4/6
  1123 | D:1      | Learned a level 3 spell: Vampiric Draining
  1665 | D:2      | Reached skill level 1 in Armour
  1800 | D:2      | Reached XP level 4. HP: 30/36 MP: 0/7
  2569 | D:2      | Found a blossoming altar of Fedhas.
  2610 | D:2      | Found a stormy altar of Qazlal.
  3072 | D:3      | Noticed Jessica
  3087 | D:3      | Killed Jessica
  3087 | D:3      | Reached skill level 6 in Necromancy
  3087 | D:3      | Reached XP level 5. HP: 34/42 MP: 6/9
  3097 | D:3      | Learned a level 2 spell: Blink
  4052 | D:3      | Reached skill level 1 in Axes
  4495 | D:4      | Reached XP level 6. HP: 47/50 MP: 3/10
  4941 | D:4      | Reached skill level 1 in Translocations
  5033 | D:4      | Reached skill level 7 in Necromancy
  5122 | D:4      | Got a jewelled long sword
  5123 | D:4      | Identified the +6 long sword "Grim Tooth" {holy, Str-4
                  | Int+6 Dex+2} (You found it on level 4 of the Dungeon)
  5401 | D:5      | Entered Level 5 of the Dungeon
  5401 | D:5      | Noticed Duvessa
  5401 | D:5      | Noticed Dowan
  5426 | D:4      | Killed Duvessa
  5426 | D:4      | Reached XP level 7. HP: 10/56 MP: 1/11
  5427 | D:4      | HP: 2/56 [Dowan/stone arrow (8)]
  5434 | D:4      | Killed from afar by Dowan

Levels and vault maps discovered:
D:1:      sevenhm_arrival_forest_fort_large_1, layout_loops_ring,
          minmay_misc_feat_ornament, corexii_corridor_pit,
          chequers_serial_rivers_micro_c, hex_large
D:2:      kb_forest_paths, layout_basic, grunt_temple_overflow_forces_of_nature
D:3:      layout_basic, kennysheep_generic_room_12, uniq_jessica
D:4:      layout_basic, first_ration
D:5:      layout_loops_ring, minmay_temple_entry_gardened_gates, uniq_duvessa

Skill      XL: |  1  2  3  4  5  6 |
---------------+-------------------+-----
Necromancy     | 5 6 7 |  7.1
Spellcasting   | 2 3 |  3.2
Armour         | 1 2 |  2.4
Axes           | 1 2 |  2.0
Translocations | 1 |  1.6
Fighting       | |  0.7
Long Blades    | |  0.1
Maces & Flails | |  0.1
Throwing       | |  0.1
Dodging        | |  2.4
Stealth        | |  2.4

Action                   |  1- 3 |  4- 6 |  7- 9 || total
-------------------------+-------+-------+-------++-------
Melee: Unarmed           |     4 |       |       ||     4
       Mace              |    23 |    37 |       ||    60
       Hand axe          |       |    46 |       ||    46
       Long sword        |       |    11 |     2 ||    13
Throw: Dart              |       |    23 |       ||    23
 Cast: Pain              |    55 |    47 |       ||   102
       Vampiric Draining |     4 |    47 |       ||    51
 Abil: Heal Wounds       |       |       |     1 ||     1
  Use: Scroll            |     1 |     4 |       ||     5
 Stab: Sleeping          |       |     4 |       ||     4
  Eat: Chunk             |     4 |    16 |       ||    20
Armor: Robe              |    12 |    21 |       ||    33
       Leather armour    |       |    31 |     1 ||    32
Dodge: Dodged            |    44 |   102 |       ||   146
